General information
- name: BNet
- type: Ladder team game (AT/RT)
- host: Battle.net
- saver: DarKNeSS.RT
map: Mur'gulOasis
- players: 8
- length: 29:19
- speed: Fast
- version: 1.24 W3XP
- replay type: Public
» download(259 KB)
Players
team 1 (loser)

»
DiAbLo-JoiNt (
yellow | 78 APM | 2280 actions | 29:18)
6 Death Knight
3 Death Coil
1 Unholy Aura
1 Death Pact
1 Animate Dead
4 Lich
2 Frost Nova
2 Frost Armor
» actions
| Assign group hotkey | 28 | |
| Basic commands | 99 | |
| Build / train | 60 | |
| Enter build submenu | 17 | |
| Enter hero's abilities submenu | 10 | |
| Give item / drop item | 1 | |
| Right click | 1097 | |
| Select / deselect | 430 | |
| Select group hotkey | 443 | |
| Use ability | 95 | |
2280 total
» units
| Acolyte | 7 | |
| Ghoul | 4 | |
| Crypt Fiend | 10 | |
| Frost Wyrm | 7 | |
| Druid of the Claw | 3 | |
| Archer | 4 | |
35 total
» upgrades
| Creature Attack | 3 | |
| Web | 1 | |
| Freezing Breath | 1 | |
5 total
» buildings
| Crypt | 1 | |
| Graveyard | 1 | |
| Altar of Darkness | 1 | |
| Ziggurat | 7 | |
| Tomb of Relics | 1 | |
| Halls of the Dead | 1 | |
| Black Citadel | 1 | |
| Sacrificial Pit | 1 | |
| Boneyard | 2 | |
| Ancient of Lore | 1 | |
| Necropolis | 1 | |
18 total
» build order
00:20 Crypt
00:23 Graveyard
00:27 Altar of Darkness
00:43 Ziggurat
01:10 Tomb of Relics
01:49 Ziggurat
03:33 Ziggurat
04:42 Halls of the Dead
05:31 Ziggurat
07:20 Black Citadel
08:10 Sacrificial Pit
09:45 Boneyard
09:46 Boneyard
09:54 Ziggurat
10:45 Ziggurat
14:02 Ziggurat
17:04 Ancient of Lore
23:22 Necropolis
» items
| Rod of Necromancy | 1 | |
| Orb of Corruption | 1 | |
| Scroll of Town Portal | 3 | |
| Scroll of Speed | 1 | |
6 total

»
MOVIESCENES (
orange | 77 APM | 1223 actions | 15:49)
3 Demon Hunter
2 Mana Burn
1 Evasion
2 Pandaren Brewmaster
1 Breath of Fire
1 Drunken Haze
» actions
| Assign group hotkey | 89 | |
| Basic commands | 73 | |
| Build / train | 40 | |
| Enter build submenu | 14 | |
| Enter hero's abilities submenu | 5 | |
| Remove unit from queue | 1 | |
| Right click | 530 | |
| Select / deselect | 177 | |
| Select group hotkey | 243 | |
| Use ability | 51 | |
1223 total
» units
| Wisp | 10 | |
| Huntress | 6 | |
| Druid of the Claw | 7 | |
23 total
» upgrades
| Druid of the Claw Training | 2 | |
| Reinforced Hides | 2 | |
| Strength of the Wild | 1 | |
5 total
» buildings
| Altar of Elders | 1 | |
| Moon Well | 6 | |
| Ancient of War | 1 | |
| Hunter's Hall | 1 | |
| Tree of Ages | 1 | |
| Ancient of Lore | 3 | |
| Ancient of Wonders | 1 | |
| Tree of Eternity | 1 | |
15 total
» build order
00:08 Altar of Elders
00:20 Moon Well
01:41 Ancient of War
01:46 Hunter's Hall
02:02 Moon Well
02:24 Moon Well
03:30 Tree of Ages
04:39 Moon Well
06:07 Ancient of Lore
06:38 Ancient of Lore
06:41 Ancient of Lore
06:44 Ancient of Wonders
07:16 Tree of Eternity
10:29 Moon Well
13:45 Moon Well
» items
| Potion of Lesser Invulnerability | 1 | |
| Staff of Preservation | 1 | |
2 total

»
iMlCRO (
red | 115 APM | 1773 actions | 15:23)
3 Keeper of the Grove
2 Entangling Roots
1 Thorns Aura
» actions
| Assign group hotkey | 54 | |
| Basic commands | 7 | |
| Build / train | 47 | |
| ESC pressed | 3 | |
| Enter build submenu | 8 | |
| Enter hero's abilities submenu | 3 | |
| Right click | 1136 | |
| Select / deselect | 189 | |
| Select group hotkey | 289 | |
| Use ability | 37 | |
1773 total
» units
» upgrades
| Strength of the Moon | 1 | |
| Moon Armor | 1 | |
| Ultravision | 1 | |
| Sentinel | 1 | |
4 total
» buildings
| Altar of Elders | 1 | |
| Moon Well | 4 | |
| Hunter's Hall | 1 | |
| Ancient of War | 2 | |
| Tree of Ages | 1 | |
9 total
» build order
00:07 Altar of Elders
00:19 Moon Well
01:40 Hunter's Hall
01:43 Ancient of War
02:02 Ancient of War
02:22 Moon Well
03:32 Moon Well
04:55 Moon Well
10:57 Tree of Ages
» items

»
firezibo (
purple | 56 APM | 892 actions | 15:55)
3 Blademaster
2 Wind Walk
1 Critical Strike
2 Shadow Hunter
1 Hex
1 Healing Wave
» actions
| Assign group hotkey | 16 | |
| Basic commands | 46 | |
| Build / train | 44 | |
| Enter build submenu | 13 | |
| Enter hero's abilities submenu | 5 | |
| Remove unit from queue | 1 | |
| Right click | 292 | |
| Select / deselect | 171 | |
| Select group hotkey | 258 | |
| Use ability | 46 | |
892 total
» units
| Peon | 7 | |
| Grunt | 10 | |
| Shaman | 4 | |
| Troll Witch Doctor | 4 | |
25 total
» upgrades
| Berserker Strength | 1 | |
| Shaman Training | 2 | |
| Witch Doctor Training | 2 | |
| Melee Weapons | 1 | |
6 total
» buildings
| Altar of Storms | 1 | |
| Orc Burrow | 7 | |
| Voodoo Lounge | 1 | |
| Barracks | 1 | |
| Stronghold | 1 | |
| War Mill | 1 | |
| Spirit Lodge | 2 | |
| Fortress | 1 | |
15 total
» build order
00:12 Altar of Storms
00:14 Orc Burrow
00:40 Voodoo Lounge
01:18 Orc Burrow
01:44 Barracks
03:31 Stronghold
03:41 Orc Burrow
04:42 War Mill
06:45 Spirit Lodge
06:48 Spirit Lodge
07:42 Fortress
09:27 Orc Burrow
09:28 Orc Burrow
09:29 Orc Burrow
09:34 Orc Burrow
» items
team 2 (winner)
DarKNeSS.RT (
blue | 135 APM | 3959 actions | 29:19)
6 Death Knight
3 Death Coil
2 Unholy Aura
1 Animate Dead
5 Lich
3 Frost Nova
2 Frost Armor
4 Crypt Lord
2 Impale
2 Spiked Carapace
» actions
| Assign group hotkey | 38 | |
| Basic commands | 157 | |
| Build / train | 65 | |
| Enter build submenu | 12 | |
| Enter hero's abilities submenu | 15 | |
| Give item / drop item | 9 | |
| Right click | 2018 | |
| Select / deselect | 610 | |
| Select group hotkey | 829 | |
| Use ability | 206 | |
3959 total
» units
| Acolyte | 8 | |
| Ghoul | 2 | |
| Crypt Fiend | 11 | |
| Obsidian Statue | 5 | |
26 total
» upgrades
| Creature Attack | 2 | |
| Burrow | 1 | |
| Destroyer Form | 1 | |
| Web | 1 | |
5 total
» buildings
| Graveyard | 1 | |
| Crypt | 1 | |
| Altar of Darkness | 1 | |
| Ziggurat | 6 | |
| Tomb of Relics | 1 | |
| Nerubian Tower | 1 | |
| Halls of the Dead | 1 | |
| Slaughterhouse | 1 | |
| Black Citadel | 1 | |
| Spirit Tower | 3 | |
17 total
» build order
00:05 Graveyard
00:08 Crypt
00:42 Altar of Darkness
00:58 Ziggurat
01:26 Tomb of Relics
01:53 Nerubian Tower
02:08 Ziggurat
03:42 Halls of the Dead
04:26 Ziggurat
07:01 Slaughterhouse
07:02 Ziggurat
07:55 Black Citadel
09:22 Ziggurat
15:46 Ziggurat
17:46 Spirit Tower
17:46 Spirit Tower
17:47 Spirit Tower
» items
| Rod of Necromancy | 3 | |
| Dust of Appearance | 1 | |
| Scroll of Town Portal | 3 | |
| Orb of Corruption | 1 | |
| Scroll of Speed | 1 | |
9 total
418 (
green | 86 APM | 2527 actions | 29:18)
5 Mountain King
3 Storm Bolt
2 Bash
» actions
| Assign group hotkey | 22 | |
| Basic commands | 211 | |
| Build / train | 107 | |
| Enter build submenu | 39 | |
| Enter hero's abilities submenu | 5 | |
| Give item / drop item | 3 | |
| Right click | 1311 | |
| Select / deselect | 514 | |
| Select group hotkey | 233 | |
| Use ability | 82 | |
2527 total
» units
| Peasant | 24 | |
| Gryphon Rider | 13 | |
| Siege Engine | 9 | |
| Knight | 1 | |
| Flying Machine | 3 | |
50 total
» upgrades
| Masonry | 3 | |
| Swords | 3 | |
| Armor | 4 | |
| Lumber Harvesting | 2 | |
| Storm Hammers | 1 | |
| Animal War Training | 1 | |
| Barrage | 1 | |
| Magic Sentry | 1 | |
| Gunpowder | 1 | |
| Plating | 1 | |
| Sorceress Training | 1 | |
| Priest Training | 1 | |
20 total
» buildings
| Altar of Kings | 1 | |
| Farm | 11 | |
| Lumber Mill | 1 | |
| Arcane Vault | 1 | |
| Scout Tower | 8 | |
| Guard Tower | 10 | |
| Keep | 1 | |
| Blacksmith | 1 | |
| Castle | 1 | |
| Gryphon Aviary | 2 | |
| Barracks | 1 | |
| Town Hall | 3 | |
| Arcane Sanctum | 1 | |
| Workshop | 3 | |
45 total
» build order
00:08 Altar of Kings
00:20 Farm
01:09 Lumber Mill
01:26 Arcane Vault
01:29 Farm
01:38 Scout Tower
01:49 Scout Tower
01:53 Scout Tower
02:29 Guard Tower
03:27 Guard Tower
04:29 Keep
04:44 Scout Tower
05:37 Guard Tower
05:39 Blacksmith
06:53 Castle
07:01 Gryphon Aviary
07:02 Gryphon Aviary
07:12 Farm
09:21 Barracks
09:35 Town Hall
09:44 Guard Tower
10:28 Guard Tower
10:50 Guard Tower
11:26 Scout Tower
11:27 Scout Tower
11:38 Arcane Sanctum
11:56 Guard Tower
11:57 Guard Tower
11:58 Farm
12:00 Farm
12:21 Scout Tower
12:24 Scout Tower
12:54 Guard Tower
13:13 Guard Tower
14:03 Workshop
14:04 Workshop
14:24 Town Hall
14:42 Farm
16:52 Farm
16:54 Farm
16:56 Farm
19:16 Workshop
21:46 Farm
21:48 Farm
24:47 Town Hall
» items
| Boots of Speed | 1 | |
| Circlet of Nobility | 1 | |
| Staff of Teleportation | 2 | |
| Ivory Tower | 3 | |
| Healing Salve | 1 | |
| Lesser Clarity Potion | 1 | |
| Orb of Lightning | 1 | |
| Potion of Healing | 4 | |
| Scroll of Town Portal | 1 | |
| Scroll of Healing | 1 | |
| Scroll of Regeneration | 2 | |
| Staff of Sanctuary | 1 | |
19 total

»
SC_NC_HORNETS (
pink | 51 APM | 1481 actions | 29:18)
4 Mountain King
2 Storm Bolt
2 Bash
3 Archmage
2 Summon Water Elemental
1 Brilliance Aura
2 Paladin
1 Holy Light
1 Devotion Aura
» actions
| Assign group hotkey | 44 | |
| Basic commands | 40 | |
| Build / train | 79 | |
| Enter build submenu | 27 | |
| Enter hero's abilities submenu | 9 | |
| Remove unit from queue | 2 | |
| Right click | 394 | |
| Select / deselect | 518 | |
| Select group hotkey | 247 | |
| Use ability | 120 | |
1481 total
» units
| Peasant | 17 | |
| Footman | 5 | |
| Mortar Team | 9 | |
| Flying Machine | 3 | |
| Siege Engine | 1 | |
35 total
» upgrades
| Masonry | 3 | |
| Defend | 1 | |
| Flare | 1 | |
| Fragmentation Shards | 1 | |
| Gunpowder | 2 | |
| Barrage | 1 | |
| Flak Cannons | 1 | |
| Swords | 3 | |
| Lumber Harvesting | 2 | |
| Animal War Training | 1 | |
16 total
» buildings
| Altar of Kings | 1 | |
| Farm | 10 | |
| Barracks | 1 | |
| Lumber Mill | 1 | |
| Scout Tower | 7 | |
| Keep | 2 | |
| Arcane Tower | 1 | |
| Guard Tower | 4 | |
| Blacksmith | 1 | |
| Workshop | 2 | |
| Castle | 1 | |
| Arcane Vault | 1 | |
| Town Hall | 1 | |
| Cannon Tower | 0 | |
33 total
» build order
00:06 Altar of Kings
00:09 Farm
00:53 Barracks
01:07 Farm
01:26 Farm
01:44 Lumber Mill
02:05 Farm
03:33 Scout Tower
04:16 Keep
04:16 Keep
04:24 Arcane Tower
04:30 Scout Tower
05:12 Guard Tower
05:14 Scout Tower
05:39 Scout Tower
05:41 Guard Tower
06:20 Blacksmith
06:20 Guard Tower
07:08 Workshop
07:10 Workshop
08:09 Castle
08:11 Farm
08:31 Farm
08:36 Farm
11:58 Farm
14:04 Arcane Vault
17:24 Farm
17:25 Farm
24:36 Town Hall
25:31 Scout Tower
25:32 Scout Tower
25:33 Scout Tower
26:02 Guard Tower
26:03 Cannon Tower
» items
| Healing Salve | 1 | |
| Lesser Clarity Potion | 1 | |
| Scroll of Speed | 1 | |
| Scroll of Town Portal | 1 | |
| Potion of Healing | 1 | |
5 total

»
COOLMIKE162 (
teal | 98 APM | 2876 actions | 29:18)
8 Tauren Chieftain
3 Endurance Aura
2 War Stomp
2 Reincarnation
1 Shockwave
» actions
| Assign group hotkey | 51 | |
| Basic commands | 50 | |
| Build / train | 83 | |
| Enter build submenu | 13 | |
| Enter hero's abilities submenu | 8 | |
| Remove unit from queue | 4 | |
| Right click | 1352 | |
| Select / deselect | 609 | |
| Select group hotkey | 624 | |
| Use ability | 82 | |
2876 total
» units
| Peon | 11 | |
| Troll Headhunter/Berserker | 22 | |
| Shaman | 7 | |
| Demolisher | 1 | |
41 total
» upgrades
| Ranged Weapons | 2 | |
| Shaman Training | 2 | |
| Reinforced Defenses | 1 | |
| Berserker Upgrade | 1 | |
| Armor | 1 | |
7 total
» buildings
| Altar of Storms | 1 | |
| Orc Burrow | 5 | |
| War Mill | 1 | |
| Barracks | 3 | |
| Voodoo Lounge | 1 | |
| Stronghold | 4 | |
| Fortress | 1 | |
| Spirit Lodge | 1 | |
| Great Hall | 1 | |
18 total
» build order
00:05 Altar of Storms
00:24 Orc Burrow
01:20 War Mill
01:22 Barracks
01:39 Barracks
01:41 Barracks
02:02 Voodoo Lounge
02:17 Orc Burrow
03:23 Orc Burrow
05:35 Stronghold
05:35 Stronghold
07:56 Orc Burrow
08:28 Fortress
09:31 Spirit Lodge
12:17 Orc Burrow
22:51 Great Hall
28:04 Stronghold
28:04 Stronghold
» items
| Healing Salve | 2 | |
| Lesser Clarity Potion | 2 | |
| Scroll of Town Portal | 2 | |
| Scroll of Protection | 1 | |
| Scroll of Healing | 1 | |
| Potion of Lesser Invulnerability | 1 | |
| Tome of Retraining | 1 | |
10 total
Chat log
(00:14 / Allies) SC_NC_HORNETS: wow ur here
(00:16 / Allies) DarKNeSS.RT: hi
(00:20 / Allies) SC_NC_HORNETS: i bet u leave
(00:23 / Allies) DarKNeSS.RT: ?
(00:23 / Allies) SC_NC_HORNETS: yes or no haha
(00:24 / Allies) 418: WHO
(00:30 / Allies) SC_NC_HORNETS: do u got that bot
(00:35 / Allies) DarKNeSS.RT: i dont have a bot
(00:42 / All) MOVIESCENES: high ell game
(00:44 / Allies) 418: WANT ONE?
(00:47 / Allies) DarKNeSS.RT: when i wanna leave i press alt qq
(00:49 / Allies) SC_NC_HORNETS: u just joined games then quit or
(00:50 / All) COOLMIKE162: shut up and play
(00:54 / All) MOVIESCENES: FUCK YOU CUNT!
(01:02 / All) DarKNeSS.RT: hf
(02:27 / All) COOLMIKE162: winner takea ll
(02:28 / Allies) SC_NC_HORNETS: foot motar
(02:30 / All) MOVIESCENES: hehe
(02:58 / Allies) DarKNeSS.RT: no tower..
(03:19 / All) MOVIESCENES: lol
(03:20 / All) MOVIESCENES: wtf
(03:23 / All) MOVIESCENES: ran to me pink ;p
(03:37 / All) COOLMIKE162: niggers
(03:46 / All) DiAbLo-JoiNt: how fitting
(03:48 / Allies) 418: WOOD
(03:49 / All) MOVIESCENES: what race mike
(03:57 / All) COOLMIKE162: got orc
(04:03 / All) SC_NC_HORNETS: WELL
(04:05 / All) SC_NC_HORNETS: well
(04:10 / All) SC_NC_HORNETS: i had stun
(04:12 / All) SC_NC_HORNETS: but it fialed
(04:18 / Allies) DarKNeSS.RT: ur tower
(04:18 / Allies) DarKNeSS.RT: upgrad
(04:26 / Allies) SC_NC_HORNETS: YEA I KNOW
(04:38 / Allies) SC_NC_HORNETS: not enought gold
(04:39 / Allies) COOLMIKE162: hi 418
(04:58 / Allies) SC_NC_HORNETS: wtf
(04:59 / Allies) SC_NC_HORNETS: u doing
(05:01 / Allies) SC_NC_HORNETS: i need to lvl
(05:03 / Allies) 418: LEECHING EXP
(05:05 / Allies) SC_NC_HORNETS: we fucked
(05:23 / Allies) DarKNeSS.RT: comin
(05:49 / Allies) DarKNeSS.RT: turn
(06:55 / All) COOLMIKE162: did u guys like put your hands in and agree to rush
(07:06 / Allies) DarKNeSS.RT: ill dest
(07:08 / All) MOVIESCENES: actually no purple wanted to harass thats it lol
(07:13 / Allies) DarKNeSS.RT: b
(07:16 / Allies) 418: LETS CREEP A GOLDMINE
(07:18 / Allies) DarKNeSS.RT: b
(07:27 / Allies) 418: LETS CREEP A GOLDMINE
(07:29 / Allies) 418: I NEED AN EXPO
(07:32 / Allies) DarKNeSS.RT: they in mid
(07:37 / Allies) 418: DONT BE A COWARD
(07:47 / Allies) COOLMIKE162: im many things but a coward is not one of them
(08:04 / Allies) DarKNeSS.RT: he ate me
(08:05 / Allies) DarKNeSS.RT: =/
(08:40 / Allies) SC_NC_HORNETS: stay bck
(08:41 / Allies) SC_NC_HORNETS: not enough
(08:50 / Allies) COOLMIKE162: click him
(09:11 / Allies) DarKNeSS.RT: yay he lvled me
(09:16 / Allies) 418: WOOD
(09:20 / All) SC_NC_HORNETS: anybody go speare gold
(09:48 / Allies) 418: MORE WOOD
(10:06 / Allies) 418: WOOD
(10:16 / Allies) 418: WOOD YOU ASSHOLES
(10:19 / Allies) DarKNeSS.RT: b
(10:46 / Allies) COOLMIKE162: may be the ball game
(11:06 / All) 418: WOW
(11:06 / All) 418: LOL
(11:32 / Allies) DarKNeSS.RT: b
(11:45 / Allies) 418: WOOD
(11:51 / Allies) SC_NC_HORNETS: lets go
(11:53 / Allies) SC_NC_HORNETS: ill rape his base
(11:59 / Allies) DarKNeSS.RT: waiting on my CL
(12:01 / Allies) DarKNeSS.RT: hes got my orb
(12:17 / Allies) DarKNeSS.RT: hall him
(12:20 / Allies) SC_NC_HORNETS: ill nuke the base
(12:23 / Allies) DarKNeSS.RT: go
(12:28 / Allies) DarKNeSS.RT: come on
(12:33 / Allies) 418: MORE WOOD
(12:35 / Allies) DarKNeSS.RT: hall only
(12:41 / Allies) SC_NC_HORNETS: yea i know
(12:47 / Allies) COOLMIKE162: im back in action
(13:01 / Allies) DarKNeSS.RT: TP
(13:14 / Allies) DarKNeSS.RT: no tp
(13:16 / Allies) DarKNeSS.RT: you for real?
(13:18 / Allies) SC_NC_HORNETS: yea forgot
(13:36 / Allies) DarKNeSS.RT: howd you match with us
(13:50 / Allies) DarKNeSS.RT: coming
(14:17 / Allies) SC_NC_HORNETS: GOLD FOR A TP
(14:41 / All) MOVIESCENES: lol
(14:44 / All) iMlCRO: lol nice.
(14:50 / All) MOVIESCENES: yellow killed us
(14:50 / All) MOVIESCENES: gg
(14:53 / All) iMlCRO: we got stabbed ha!
(14:54 / Allies) DarKNeSS.RT: what idiots
(14:57 / All) COOLMIKE162: battle was 3 vs 4
(15:03 / All) MOVIESCENES: yellow is attacking us...
(15:08 / All) iMlCRO: 2v5
(15:11 / All) iMlCRO: yellow was killing our shit
(15:12 / All) DarKNeSS.RT: ?
(15:14 / All) COOLMIKE162: no hes miss clicking
(15:14 / All) DarKNeSS.RT: why lol
(15:17 / All) MOVIESCENES: lol
(15:20 / All) iMlCRO: i dont know lol
(15:26 / All) DarKNeSS.RT: you prob pissed him off somehow
(15:48 / All) MOVIESCENES: green and him suck on each others knobs
(16:03 / All) DarKNeSS.RT: what was the reason diablo?
(17:34 / Allies) DarKNeSS.RT: lol
(17:39 / Allies) SC_NC_HORNETS: WHAT IS green
(17:40 / Allies) SC_NC_HORNETS: playing ffa
(17:58 / Allies) SC_NC_HORNETS: what a fag
(18:23 / Allies) DarKNeSS.RT: him and diablo got it figured out
(19:29 / Allies) DarKNeSS.RT: no tp again pink nice
(19:45 / Allies) SC_NC_HORNETS: well
(19:47 / Allies) SC_NC_HORNETS: u were with me
(19:50 / Allies) SC_NC_HORNETS: then left wtf
(19:54 / Allies) DarKNeSS.RT: well i got green hitting me
(20:09 / Allies) SC_NC_HORNETS: JUST GO KILL
(20:10 / Allies) SC_NC_HORNETS: YELLOW
(20:14 / Allies) SC_NC_HORNETS: WHO CARES ABOUT UR TOWN
(20:17 / Allies) SC_NC_HORNETS: fucking reen a dumb fuck
(20:23 / Allies) DarKNeSS.RT: repair
(20:38 / Allies) SC_NC_HORNETS: go kill yellow
(20:45 / Allies) DarKNeSS.RT: coming mike
(21:43 / Allies) COOLMIKE162: just hit yellow now imd ead
(22:54 / Allies) COOLMIKE162: watch green from behind
(22:55 / Allies) COOLMIKE162: go gyro him
(22:57 / All) DarKNeSS.RT: just stay together and building kill
(23:09 / Allies) COOLMIKE162: pink help us with green
(24:31 / Allies) DarKNeSS.RT: bash works on allies
(24:33 / Allies) DarKNeSS.RT: interesting
(25:08 / Allies) SC_NC_HORNETS: GET HIS HERO
(25:30 / Allies) DarKNeSS.RT: his hero not gonna die
(25:38 / Allies) DarKNeSS.RT: dont waste time
(26:32 / Allies) COOLMIKE162: use these
(27:20 / Allies) COOLMIKE162: finish
(28:08 / Allies) SC_NC_HORNETS: WHY U SUCH A BITCH
(28:09 / Allies) SC_NC_HORNETS: GREEN
(28:13 / Allies) 418: WHY NOT
(28:29 / Allies) DarKNeSS.RT: lucky bashes =/
(28:34 / Allies) 418: YEAH
(28:36 / Allies) 418: LUCKY BASHES
(28:40 / Allies) 418: NOT THE % OF THE SKILL